Map: Pride of Altaris LE

Players

Leava

  • Race: Zerg Zerg
  • Spawn Location: 11:00

Pumba - Winner!

  • Race: Protoss Protoss
  • League: Platinum
  • Spawn Location: 5:00

VOD

Have the link to the VOD?

Description

Time

  • Played on: Feb. 8, 2022, 5:41 p.m.
  • Length: 9:15
Show
View Real Time Build Order
Export as new Build Order

Leava Zerg 

Build Orders: Hatch First 

Get SALT Encoding   

  12  0:02  Drone  
  13  0:13  Overlord  
  13  0:17  Drone  
  14  0:31  Drone x2  
  16  0:49  Hatchery  
  15  0:52  Drone  
  15  0:56  Drone  
  17  1:00  Drone  
  18  1:11  Extractor  
  17  1:16  Spawning Pool  
  16  1:19  Drone  
  17  1:26  Drone  
  17  1:28  Drone  
  19  1:41  Drone  
  20  1:52  Overlord  
  20  2:04  Queen, Zergling x4  
  20  2:05  Queen  
  26  2:14  Drone x2  
  28  2:25  Metabolic Boost  
  28  2:40  Drone  
  28  2:41  Drone  
  30  2:47  Hatchery  
  30  2:49  Drone, Overlord  
  30  2:53  Drone x2  
  32  3:06  Drone x3  
  35  3:19  Queen x2  
  35  3:21  Drone x2  
  35  3:24  Overlord  
  41  3:31  Zergling x2  
  41  3:32  Zergling x4  
  37  3:59  Drone x4  
  41  4:05  Queen  
  41  4:09  Drone  
  44  4:10  Drone x4  
  44  4:13  Drone  
  49  4:19  Lair  
  49  4:25  Overlord  
  49  4:34  Drone x2  
  49  4:38  Drone x5  
  56  4:39  Drone  
  57  4:48  Drone  
  57  4:49  Drone x5  
  63  4:57  Extractor  
  63  4:58  Extractor  
  61  5:08  Drone x4  
  65  5:24  Spore Crawler  
  65  5:26  Spore Crawler x2  
  62  5:42  Drone x3  
  65  5:51  Roach Warren  
  65  5:52  Overlord x5  
  65  5:53  Overlord  
  64  6:00  Overlord  
  64  6:04  Overseer  
  64  6:15  Zergling x2  
  64  6:16  Zergling x12  
  71  6:21  Queen  
  71  6:25  Queen  
  75  6:29  Queen  
  77  6:34  Roach x5  
  77  6:35  Roach x6  
  99  6:52  Hatchery, Drone  
  99  6:53  Drone x3  
  102  6:56  Extractor  
  102  6:57  Roach x2  
  102  6:58  Roach x3  
  111  7:21  Extractor  
  99  7:23  Hydralisk Den  
  99  7:27  Drone x3  
  99  7:28  Drone x4  
  99  7:29  Drone  
  106  7:32  Extractor  
  105  7:53  Hydralisk  
  105  7:54  Hydralisk x3  
  105  7:56  Overlord x3  
  105  7:57  Overlord  
  113  8:08  Drone  
  113  8:11  Overseer  
  114  8:13  Drone x6  
  114  8:16  Roach  
  114  8:17  Roach x7  
  136  8:27  Hydralisk  
  136  8:28  Hydralisk x2  
  142  8:35  Drone x2  
Show
View Real Time Build Order
Export as new Build Order

Pumba Protoss - Winner!

Build Orders: 1 Gate Expand, Oracle Opening, Zealot Archon 

Get SALT Encoding   

  12  0:00  Probe  
  13  0:14  Probe  
  14  0:22  Pylon  
  14  0:26  Probe  
  15  0:41  Probe (Chrono Boost)  
  15  0:42  Gateway  
  16  0:49  Probe (Chrono Boost)  
  17  0:50  Assimilator  
  17  0:55  Probe  
  18  1:07  Probe  
  19  1:19  Probe  
  19  1:25  Nexus  
  20  1:34  Cybernetics Core  
  20  1:37  Probe  
  21  1:43  Assimilator  
  21  1:49  Probe  
  21  1:52  Pylon  
  22  2:01  Probe  
  23  2:10  Adept (Chrono Boost)  
  23  2:13  Probe  
  26  2:22  Stargate  
  26  2:31  Warp Gate  
  26  2:33  Adept (Chrono Boost)  
  26  2:35  Probe (Chrono Boost)  
  29  2:38  Probe (Chrono Boost)  
  30  2:47  Probe (Chrono Boost)  
  30  2:48  Probe (Chrono Boost)  
  32  2:52  Probe (Chrono Boost)  
  32  2:56  Probe  
  34  3:04  Probe  
  35  3:09  Oracle  
  35  3:11  Probe  
  39  3:16  Probe  
  39  3:17  Pylon  
  40  3:20  Pylon  
  40  3:23  Gateway, Probe  
  41  3:28  Probe  
  42  3:44  Adept  
  44  3:49  Oracle (Chrono Boost)  
  44  3:51  Probe x2  
  45  4:03  Probe x2  
  47  4:11  Twilight Council  
  47  4:12  Robotics Facility  
  47  4:13  Gateway  
  47  4:15  Probe x2, Forge  
  49  4:21  Nexus  
  49  4:23  Pylon  
  49  4:27  Probe  
  50  4:31  Pylon  
  50  4:35  Probe  
  51  4:38  Assimilator  
  51  4:39  Probe  
  51  4:40  Assimilator  
  52  4:48  Probe  
  52  4:51  Probe  
  54  4:53  Shield Battery  
  54  4:55  Sentry  
  56  5:22  Immortal (Chrono Boost)  
  56  5:26  Protoss Ground Weapons Level 1, Charge  
  60  5:29  Stalker  
  60  5:34  Gateway  
  62  5:36  Gateway  
  62  5:37  Gateway  
  62  5:38  Probe x2 (Chrono Boost)  
  62  5:40  Probe (Chrono Boost)  
  62  5:41  Gateway  
  62  5:42  Gateway x2  
  65  5:48  Probe x2 (Chrono Boost)  
  65  5:49  Probe (Chrono Boost)  
  68  5:53  Probe x2 (Chrono Boost)  
  68  5:54  Zealot x2, Immortal (Chrono Boost)  
  74  6:02  Pylon x2  
  78  6:10  Pylon  
  78  6:21  Templar Archives  
  78  6:23  Warp Prism (Chrono Boost)  
  80  6:54  Zealot x6  
  80  6:55  Zealot x2  
  96  7:05  Pylon  
  96  7:07  Pylon  
  96  7:08  Pylon  
  96  7:09  Gateway x2  
  96  7:14  Gateway  
  96  7:15  Gateway  
  96  7:20  High Templar x3  
  96  7:21  High Templar x3  
  108  7:25  Archon x2  
  108  7:26  Archon  
  108  7:28  Zealot x2  
  112  7:31  Pylon  
  112  7:35  Pylon  
  112  7:54  Zealot  
  112  7:55  Zealot x7  
  128  8:19  Zealot x5, High Templar x2  
  142  8:20  Zealot x3  
  142  8:23  Archon  
  128  9:02  Zealot x9  
  132  9:04  Zealot x3  
Tags
 
Add a new tag
Caveats
  • Supply blocks, unpowered buildings, or Contaminate may cause inaccurate times.
  • Supply counts are checked every 10 seconds.